 Dungeon Crawl Stone Soup version 0.28-a0-465-ge2dae52223 (console) character file.

Game seed: 7739899450864242392

30221 nht the Peltast (level 13, -1/117 HPs)
             Began as a Minotaur Fighter on Sept 14, 2021.
             Was the Champion of Okawaru.
             Killed from afar by an oklob plant (19 damage)
             ... with a splash of acid
             ... on level 3 of the Lair of Beasts.
             The game lasted 00:37:59 (13177 turns).

nht the Peltast (Minotaur Fighter)                 Turns: 13177, Time: 00:37:59

Health: -1/117     AC:  6    Str: 21    XL:     13   Next: 19%
Magic:  0/18       EV: 10    Int: 15    God:    Okawaru [******]
Gold:   616        SH: 14    Dex: 19    Spells: 12/12 levels left

rFire   . . .      SeeInvis .   c - +3 short sword (venom)
rCold   . . .      Faith    .   u - +0 kite shield
rNeg    . . .      Spirit   +   v - +1 ring mail of Aqov {Rampage rElec}
rPois   .          Reflect  .   (helmet restricted)
rElec   +          Harm     .   b - +1 cloak "Aghabea" {Rampage Int+10 Dex+4}
rCorr   .          Rampage  +   m - +3 pair of gauntlets of War {Slay+5}
Will    .....                   k - +0 pair of boots
Stlth   +.........              E - amulet of guardian spirit
HPRegen 0.29/turn               y - +4 ring of protection
MPRegen 0.16/turn               n - +4 ring of protection

@: corroded, studying 2 skills
A: horns 2, retaliatory headbutt
a: Renounce Religion, Heroism, Finesse, Duel


You were on level 3 of the Lair of Beasts.
You worshipped Okawaru.
Okawaru was exalted by your worship.
You visited 3 branches of the dungeon, and saw 15 of its levels.
You also visited: Bailey.

You collected 1702 gold pieces.
You spent 1086 gold pieces at shops.

Inventory:

Hand Weapons
 c - a +3 short sword of venom (weapon)
Missiles
 p - 8 silver javelins (quivered)
 q - 37 poisoned darts
 s - 8 atropa-tipped darts
 B - 13 datura-tipped darts
 C - 10 javelins
 G - 2 boomerangs of dispersal
 I - 5 curare-tipped darts
Armour
 b - the +1 cloak "Aghabea" (worn) {Rampage Int+10 Dex+4}
   (You acquired it on level 6 of the Dungeon)

   Int:       It affects your intelligence (+10).
   Dex:       It affects your dexterity (+4).
   Rampage:   It bestows one free step when moving towards enemies.
 j - +0 acid dragon scales
 k - a +0 pair of boots (worn)
 m - the +3 pair of gauntlets of War (worn) {Slay+5}
   (You bought it in a shop on level 7 of the Dungeon)

   Slay:      It affects your accuracy & damage with ranged weapons and melee
   (+5).
 u - a +0 kite shield (worn)
 v - the +1 ring mail of Aqov (worn) {Rampage rElec}
   (You found it on level 8 of the Dungeon)

   rElec:     It insulates you from electricity.
   Rampage:   It bestows one free step when moving towards enemies.
 H - a +0 cloak of willpower
Jewellery
 h - a +6 ring of dexterity
 n - a +4 ring of protection (right hand)
 y - a +4 ring of protection (left hand)
 D - the ring of Moodiness {rPois rF- Str+6}
   (You found it on level 8 of the Dungeon)

   [ring of poison resistance]

   Str:       It affects your strength (+6).
   rF:        It makes you vulnerable to fire.
   rPois:     It protects you from poison.
 E - an amulet of guardian spirit (around neck)
Wands
 z - a wand of digging (4)
Scrolls
 e - 8 scrolls of enchant armour
 f - 4 scrolls of identify
 g - 4 scrolls of amnesia
 t - a scroll of holy word
 w - 9 scrolls of teleportation
 A - 2 scrolls of fog
 F - 3 scrolls of enchant weapon
 J - a scroll of brand weapon
 K - 2 scrolls of magic mapping
 L - a scroll of blinking
 N - 2 scrolls of immolation
 O - a scroll of silence
Potions
 a - a potion of heal wounds
 d - 2 potions of haste
 i - 2 potions of brilliance
 l - a potion of cancellation
 o - 7 potions of curing
 r - 4 potions of attraction
 x - a potion of flight


   Skills:
 + Level 11.8 Fighting
 - Level 14.0 Short Blades
 + Level 9.5 Throwing
 - Level 3.6 Armour
 - Level 15.0 Shields
 + Level 9.2 Invocations


You had 12 spell levels left.
You didn't know any spells.
Your spell library contained the following spells:

 Spells                   Type           Power      Damage    Failure   Level
 Beastly Appendage        Tmut           0%         N/A       41%         1
 Scorch                   Fire           0%         2d5       54%         2
 Slow                     Hex            0%         N/A       54%         2
 Confusing Touch          Hex            0%         N/A       78%         3
 Dazzling Flash           Conj/Hex       0%         N/A       78%         3
 Portal Projectile        Hex/Tloc       0%         N/A       78%         3
 Vampiric Draining        Necr           0%         2d6       78%         3
 Flame Wave               Conj/Fire      0%         3d3       99%         4
 Ice Form                 Ice/Tmut       0%         N/A       99%         4
 Iskenderun's Mystic Bla  Conj/Tloc      0%         2d3       99%         4
 Sticky Flame             Conj/Fire      0%         2d3       99%         4
 Fireball                 Conj/Fire      0%         3d3       100%        5
 Iskenderun's Battlesphe  Conj           0%         2d6       100%        5
 Yara's Violent Unravell  Hex/Tmut       0%         3d3       100%        5
 Conjure Ball Lightning   Conj/Air       0%         3x3d6     100%        6
 Starburst                Conj/Fire      0%         6d3       100%        6
 Dragon Form              Tmut           0%         N/A       100%        7
 Orb of Destruction       Conj           0%         N/A       100%        7
 Necromutation            Tmut/Necr      0%         N/A       100%        8
 Summon Mana Viper        Hex/Summ       Unusable   N/A       N/A         5
 Summon Cactus Giant      Summ           Unusable   N/A       N/A         6

Dungeon Overview and Level Annotations

Branches:
Dungeon (11/15)            Temple (1/1) D:6            Lair (3/6) D:11
  Snake (0/4) Lair:3          Orc (0/2) D:11         Bailey (visited)
  Swamp: Lair:2-4    Shoals: Lair:2-4

Altars:
Ashenzari
Cheibriados
Dithmenos
Elyvilon
Fedhas
Gozag
Hepliaklqana
Kikubaaqudgha
Makhleb
Nemelex Xobeh
Okawaru
Qazlal
Ru
Sif Muna
Trog
Uskayaw
Vehumet
Wu Jian
Xom
Yredelemnul
Zin
The Shining One

Shops:
D:5 *   D:7 [   D:11 ?=:

Annotations:
Lair:3 exclusion: 2 oklob plants


Innate Abilities, Weirdness & Mutations

You have a pair of horns on your head.
You reflexively headbutt those who attack you in melee.


Message History

You hit the oklob plant.
The oklob plant looks as sick as possible!
You headbutt the oklob plant!
The oklob plant is severely damaged.
You hit the oklob plant but do no damage.
The oklob plant looks as sick as possible!
The oklob plant is severely damaged.
The oklob plant spits acid at you. The splash of acid hits you!!
The acid corrodes you!
You hit the oklob plant but do no damage.
The oklob plant is severely damaged.
You hit the oklob plant but do no damage.
The oklob plant is severely damaged.
The oklob plant spits acid at you. The splash of acid misses you.
You hit the oklob plant.
The oklob plant is almost destroyed.
You hit the oklob plant but do no damage.
You headbutt the oklob plant.
The oklob plant is almost destroyed.
The oklob plant spits acid at you. The splash of acid hits you!!
* * * LOW HITPOINT WARNING * * *
You hit the oklob plant but do no damage.
You headbutt the oklob plant.
The oklob plant is almost destroyed.
You hit the oklob plant but do no damage.
The oklob plant looks as sick as possible!
You headbutt the oklob plant.
You destroy the oklob plant!
Okawaru accepts your kill. The oklob plant spits acid at you.
You block the splash of acid. The oklob plant spits acid at you.
The splash of acid hits you!
* * * LOW HITPOINT WARNING * * *
The acid corrodes you! The oklob plant spits acid at you.
The splash of acid hits you!!
You die... ██████ █!PP$█

█$...█ █?/$.█
████.=.@█
█..█....█..
███...........
█...........P█
█...........██
█.....█......█
███....██████.██
█.......... .█
█..≈≈≈≈≈≈... █
██████..≈≈≈≈≈≈...
.██P██..≈≈≈≈≈≈..█


You could see 2 oklob plants.

Vanquished Creatures
  4 boulder beetles (D:11)
  A hydra (Lair:3)
  4 two-headed ogres
  Sonja (Lair:2)
  An orc knight (D:10)
  2 oklob plants
  4 cyclopes (D:11)
  5 black mambas (Lair:3)
  Maurice (D:9)
  A gargoyle (D:10)
  Maggie (D:8)
  2 rime drakes
  2 unseen horrors (D:11)
  2 cane toads
  5 komodo dragons
  2 trolls
  A polar bear (Lair:3)
  A hornet (D:10)
  2 wyverns
  27 yaks
  2 vampires (D:11)
  4 vampire mosquitoes (D:10)
  2 acid dragons
  9 water moccasins
  2 orc warriors
  2 black bears
  An ice beast (D:6)
  A sky beast (D:5)
  4 wolves (Lair:1)
  5 centaurs
  An ogre (D:7)
  6 bullfrogs
  2 kobold brigands
  8 gnoll sergeants (Bailey)
  3 scorpions
  18 killer bees
  2 water moccasin skeletons
  A howler monkey (D:5)
  5 wights (D:7)
  An electric eel (D:11)
  A crimson imp (D:10)
  13 centaur zombies
  4 hounds
  A jelly (D:4)
  An orc priest (D:7)
  Jessica (D:3)
  2 centaur skeletons
  6 gnoll shamans (Bailey)
  3 iguanas
  7 orc wizards
  A hound skeleton (D:4)
  2 howler monkey zombies (D:11)
  18 gnolls
  2 adders (D:3)
  5 white imps
  3 adder skeletons (D:4)
  2 worms
  4 dart slugs
  32 orcs
  5 ball pythons
  9 bats
  10 endoplasms
  3 giant cockroaches (D:4)
  6 hobgoblins
  8 jackals
  21 kobolds
  4 quokkas
  4 frilled lizards
  8 goblins
  9 rats
343 creatures vanquished.

Vanquished Creatures (others)
  A sky beast (D:6)
  12 fungi
  25 plants
38 creatures vanquished.

Grand Total: 381 creatures vanquished

Notes
Turn   | Place    | Note
-------+----------+-------------------------------------------
     0 | D:1      | nht the Minotaur Fighter began the quest for the Orb.
     0 | D:1      | Reached XP level 1. HP: 19/19 MP: 0/0
    78 | D:1      | Reached XP level 2. HP: 20/26 MP: 1/1
   238 | D:1      | Found a faded altar of an unknown god.
   636 | D:1      | Reached XP level 3. HP: 31/31 MP: 2/2
  1103 | D:2      | Noticed an ogre
  1427 | D:3      | Reached skill level 4 in Shields
  1427 | D:3      | Reached XP level 4. HP: 39/39 MP: 3/3
  1548 | D:3      | Noticed Jessica
  1570 | D:3      | Reached skill level 5 in Short Blades
  1570 | D:3      | Killed Jessica
  2123 | D:3      | Reached XP level 5. HP: 38/45 MP: 4/4
  2551 | D:4      | Reached XP level 6. HP: 45/51 MP: 5/5
  3028 | D:5      | Entered Level 5 of the Dungeon
  3080 | D:5      | Reached XP level 7. HP: 39/57 MP: 6/6
  3260 | D:5      | Identified the +1 ring mail "Hyid Lod" {rN+}
  3283 | D:5      | Found a basalt altar of Yredelemnul.
  3326 | D:5      | Found a sacrificial altar of Ru.
  3797 | D:5      | Found Assikhla's General Store.
  3802 | D:5      | Bought a scroll of identify for 24 gold pieces
  3802 | D:5      | Bought a potion of curing for 36 gold pieces
  4269 | D:6      | Found a staircase to the Ecumenical Temple.
  4276 | Temple   | Entered the Ecumenical Temple
  4319 | Temple   | Became a worshipper of Warmaster Okawaru
  4418 | D:6      | Reached skill level 10 in Short Blades
  4422 | D:6      | Identified a scroll of acquirement
  4422 | D:6      | Acquired the +1 cloak "Aghabea" {Rampage Int+10 Dex+4}
  4428 | D:6      | Reached XP level 8. HP: 64/64 MP: 7/7
  4577 | D:7      | Found a glowing golden altar of the Shining One.
  4611 | D:7      | Reached * piety under Okawaru
  4612 | D:7      | Reached skill level 1 in Throwing
  4719 | D:7      | Reached skill level 5 in Shields
  4724 | D:7      | Found Holaelas's Armour Shop.
  4769 | D:7      | Found a flagged portal.
  4778 | Bailey   | Entered a bailey
  4926 | Bailey   | Reached skill level 6 in Shields
  4938 | Bailey   | Reached skill level 1 in Invocations
  5100 | Bailey   | Reached skill level 5 in Fighting
  5149 | Bailey   | Reached ** piety under Okawaru
  5150 | Bailey   | Reached XP level 9. HP: 20/74 MP: 9/9
  5499 | Bailey   | Reached skill level 7 in Shields
  5807 | D:7      | Bought the +3 pair of gauntlets of War {Slay+5} for 570
                  | gold pieces
  5807 | D:7      | Found the +3 pair of gauntlets of War {Slay+5}
  6316 | D:8      | Identified the +1 ring mail of Aqov {Rampage rElec}
  6501 | D:8      | Identified the ring of Moodiness {rPois rF- Str+6}
  6796 | D:8      | Noticed Maggie
  6819 | D:8      | Killed Maggie
  6820 | D:8      | Reached skill level 8 in Shields
  7038 | D:8      | Found an ancient bone altar of Kikubaaqudgha.
  7042 | D:8      | Found a blossoming altar of Fedhas.
  7179 | D:9      | Reached *** piety under Okawaru
  7189 | D:9      | Reached skill level 9 in Shields
  7235 | D:9      | Found a shimmering blue altar of Sif Muna.
  7247 | D:9      | Reached XP level 10. HP: 72/84 MP: 8/11
  7327 | D:9      | Reached skill level 5 in Throwing
  7394 | D:9      | Found a hazy altar of Hepliaklqana.
  7505 | D:9      | Noticed Maurice
  7505 | D:9      | Paralysed by Maurice for 3 turns
  7516 | D:9      | Killed Maurice
  7516 | D:9      | Reached **** piety under Okawaru
  7517 | D:9      | Reached skill level 10 in Shields
  7970 | D:9      | Found a hide-covered altar of Uskayaw.
  7970 | D:9      | Found a broken altar of Ashenzari.
  8001 | D:9      | Reached skill level 5 in Invocations
  8194 | D:10     | Entered Level 10 of the Dungeon
  8224 | D:10     | Noticed a two-headed ogre
  8263 | D:10     | Found a radiant altar of Vehumet.
  8284 | D:10     | Killed a two-headed ogre
  8284 | D:10     | Reached ***** piety under Okawaru
  8295 | D:10     | Reached skill level 11 in Shields
  8351 | D:10     | Received a gift from Okawaru
  8537 | D:10     | Reached XP level 11. HP: 95/95 MP: 14/14
  8553 | D:10     | Found a shadowy altar of Dithmenos.
  8571 | D:10     | Got the Reference Book on Shape Shifting
  8585 | D:10     | Found a shimmering altar of Xom.
  8586 | D:10     | Found a burning altar of Makhleb.
  8703 | D:10     | Noticed an orc knight
  8715 | D:10     | Killed an orc knight
  8715 | D:10     | Received a gift from Okawaru
  9103 | D:11     | Received a gift from Okawaru
  9115 | D:11     | Reached skill level 12 in Shields
  9143 | D:11     | Found a basalt altar of Yredelemnul.
  9184 | D:11     | Found a staircase to the Lair.
  9184 | D:11     | Noticed an oklob plant
  9191 | D:11     | Killed an oklob plant
  9191 | D:11     | Reached ****** piety under Okawaru
  9370 | D:11     | Received a gift from Okawaru
  9370 | D:11     | Found the +5 scythe "Finisher" {speed, eviscerate}
  9455 | D:11     | Noticed a two-headed ogre
  9474 | D:11     | Killed a two-headed ogre
  9475 | D:11     | Reached skill level 13 in Shields
  9683 | D:11     | Noticed a two-headed ogre
  9690 | D:11     | Killed a two-headed ogre
  9691 | D:11     | Reached skill level 10 in Fighting
  9691 | D:11     | Reached XP level 12. HP: 106/106 MP: 16/16
  9904 | D:11     | Found Foizuche's Jewellery Boutique.
  9906 | D:11     | Found Syeced's Book Shoppe.
  9907 | D:11     | Found Haemupro's Magic Scroll Boutique.
  9937 | D:11     | Bought a scroll of blinking for 120 gold pieces
  9937 | D:11     | Bought a scroll of identify for 32 gold pieces
  9937 | D:11     | Bought a scroll of fog for 32 gold pieces
  9937 | D:11     | Bought a scroll of teleportation for 48 gold pieces
  9937 | D:11     | Bought a scroll of teleportation for 48 gold pieces
  9937 | D:11     | Bought a scroll of immolation for 56 gold pieces
  9937 | D:11     | Bought a scroll of silence for 120 gold pieces
  9941 | D:11     | Noticed a boulder beetle
  9956 | D:11     | Killed a boulder beetle
 10016 | D:11     | Noticed a boulder beetle
 10016 | D:11     | Noticed a boulder beetle
 10047 | D:11     | Killed a boulder beetle
 10051 | D:11     | Received a gift from Okawaru
 10060 | D:11     | Noticed a two-headed ogre
 10074 | D:11     | Noticed a boulder beetle
 10077 | D:11     | Killed a two-headed ogre
 10094 | D:11     | Killed a boulder beetle
 10095 | D:11     | Reached skill level 14 in Shields
 10184 | D:11     | Got Fuatsuse's Guide on Enchantment and Heat
 10297 | D:11     | Killed a boulder beetle
 10371 | D:11     | Found a staircase to the Orcish Mines.
 10517 | Lair:1   | Entered Level 1 of the Lair of Beasts
 11273 | Lair:2   | Noticed a boulder beetle
 11330 | Lair:2   | Received a gift from Okawaru
 11449 | Lair:2   | Noticed Sonja
 11460 | Lair:2   | Killed Sonja
 12495 | Lair:3   | Reached skill level 15 in Shields
 12495 | Lair:3   | Reached XP level 13. HP: 105/116 MP: 16/18
 12817 | Lair:3   | Found a staircase to the Snake Pit.
 12840 | Lair:3   | Received a gift from Okawaru
 13177 | Lair:3   | Killed from afar by an oklob plant

Illustrated notes

Levels and vault maps discovered:
D:1:      amcnicky_arrival_double_pillar, layout_basic,
          ebering_ecumenical_altar_sacrificial
D:2:      layout_basic, dk_noncrumbling_4, hangedman_decor_push
D:3:      minmay_evil_eye, layout_rooms, serial_corexii_hall,
          corexii_hall_statues_i, chequers_hall_statues_corner_a, uniq_jessica
D:4:      layout_gridville
D:5:      layout_loops_ring, mainiacjoe_overflow_catch_the_wave, serial_shops,
          shop, minmay_manual_mess
D:6:      layout_gridville, minmay_temple_entry_mist
D:7:      layout_gridville, lemuel_tele_altar, serial_shops, shop_fountains,
          enter_bailey_8, serial_rivers, chequers_serial_rivers_large_b,
          chequers_serial_rivers_marsh, chequers_serial_rivers_micro_d,
          chequers_serial_rivers_micro_e, chequers_serial_rivers_room_a
D:8:      layout_basic, grunt_temple_overflow_growth_and_decay, uniq_maggie
D:9:      layout_loops_cross, kennysheep_mini,
          gammafunk_temple_overflow_elements, old_standard_altar, uniq_maurice
D:10:     layout_basic, grunt_temple_overflow_champion_of_chaos,
          nicolae_dithmenos_shadow_blocks, overflow_temple_1_default,
          minmay_between
D:11:     minmay_octagon_keep, layout_basic, dpeg_oklobed_lair,
          hiddenorc1_lemuel, nicolae_wooded_promenade, palyth_stone_intersect,
          nicolae_yredelemnul_corpse_copse
Temple:   jpeg_temple_island
Lair:1:   layout_chaotic_city, chequers_serial_rivers_micro_c,
          grunt_megastairs_1, serial_bayou_shore_b
Lair:2:   layout_regular_city, wad_woods_road_06, uniq_sonja
Lair:3:   minmay_lair_oklob_chamber, layout_gridlike,
          minmay_snake_entry_six_corridors, chequers_serial_rivers_micro_a,
          infiniplex_staircase_pool_2

Skill      XL: |  1  2  3  4  5  6  7  8  9 10 11 12 13 |
---------------+----------------------------------------+-----
Short Blades   | 3 4 5 7 8 10 11 12 13 14 | 14.0
Shields        | 4 6 9 11 13 15 | 15.0
Fighting       | 5 6 8 10 11 | 11.8
Throwing       | 2 4 6 7 9 |  9.5
Invocations    | 1 3 5 7 8 9 |  9.2
Armour         | |  3.6

Action                   |  1- 3 |  4- 6 |  7- 9 | 10-12 | 13-15 || total
-------------------------+-------+-------+-------+-------+-------++-------
Melee: Rapier            |    30 |       |       |       |       ||    30
       Headbutt          |    13 |    34 |   105 |   186 |    29 ||   367
       Dagger            |    74 |   138 |   374 |   228 |       ||   814
       Short sword       |       |       |       |   356 |    81 ||   437
Throw: Dart              |       |     4 |    17 |    30 |       ||    51
       Throwing net      |       |       |     2 |     6 |       ||     8
Evoke: Wand              |       |       |       |    14 |     4 ||    18
  Use: Scroll            |     3 |     3 |    12 |     5 |       ||    23
       Potion            |       |       |     8 |     2 |       ||    10
 Stab: Invisible         |       |       |     3 |       |       ||     3
       Held in net/web   |       |       |     3 |     6 |       ||     9
Armor: Scale mail        |    30 |    39 |       |       |       ||    69
       Ring mail         |       |       |    89 |   191 |    20 ||   300
Dodge: Dodged            |    37 |    39 |   102 |   126 |    14 ||   318
Block: Buckler           |    22 |    30 |    71 |    40 |       ||   163
       Kite shield       |       |       |       |   204 |    36 ||   240

Table legend: (Time is in decaauts)
 A = Elapsed time spent in this place.
 B = Non-inter-level travel time spent in this place.
 C = Inter-level travel time spent in this place.
 D = Time resting spent in this place.
 E = Time spent auto-exploring this place.
 F = Levels seen in this place.
 G = Mean time per level.
                   A        B        C        D        E       F      G
               +--------+--------+--------+--------+--------+-----+--------+
         Total |  12681 |  12014 |    667 |    298 |   9383 |  16 |  792.6 |
       Dungeon |   9104 |   8484 |    620 |      0 |   6679 |  11 |  827.6 |
        Temple |     74 |     44 |     30 |      0 |     29 |   1 |   74.0 |
          Lair |   2562 |   2545 |     17 |      0 |   2296 |   3 |  854.0 |
        Bailey |    940 |    940 |      0 |    298 |    379 |   1 |  940.0 |
               +--------+--------+--------+--------+--------+-----+--------+

Top non-repeatable levels by time:
    D:11: 1303 daAuts
  Lair:2: 1076 daAuts
     D:9: 1000 daAuts
     D:5: 974 daAuts
  Bailey: 940 daAuts
     D:8: 840 daAuts
    D:10: 820 daAuts
     D:2: 807 daAuts
     D:7: 779 daAuts
     D:4: 763 daAuts
  Lair:3: 747 daAuts
  Lair:1: 738 daAuts
     D:3: 704 daAuts
     D:1: 703 daAuts
     D:6: 406 daAuts
